 Dungeon Crawl Stone Soup version 0.20.1-1-g8b1a95d (webtiles) character file.

581 Chifra the Chiller (level 7, -2/40 HPs)
             Began as a Deep Elf Ice Elementalist on July 8, 2017.
             Slain by a bullfrog zombie (7 damage)
             ... on level 4 of the Dungeon.
             The game lasted 00:17:47 (5691 turns).

Chifra the Chiller (Deep Elf Ice Elementalist)      Turns: 5691, Time: 00:17:47

Health: -2/40      AC:  5    Str:  5    XL:     7   Next: 13%
Magic:  24/24      EV: 14    Int: 22    God:
Gold:   242        SH:  0    Dex: 19    Spells: 5/15 levels left

rFire    . . .     SeeInvis .   d - +0 dagger
rCold    . . .     Gourm    .   (no shield)
rNeg     . . .     Faith    .   v - +0 leather armour (curse)
rPois    .         Spirit   .   i - +0 helmet
rElec    .         Reflect  .   (no cloak)
rCorr    .         Harm     .   t - +0 pair of gloves
MR       .....                  (no boots)
Stlth    +++.......             (no amulet)
Regen    0.2/turn               y - +4 ring of dexterity
MPRegen  0.2/turn               n - ring of magical power

@: no status effects
A: no striking features
a: no special abilities


You were on level 4 of the Dungeon.
You were not hungry.

You visited 1 branch of the dungeon, and saw 4 of its levels.
You also visited: Sewer.

You collected 242 gold pieces.

Inventory:

Hand Weapons
 d - a +0 dagger (weapon)
Armour
 a - a +0 robe
 i - a +0 helmet (worn)
 t - a +0 pair of gloves (worn)
 v - a cursed +0 leather armour (worn)
Jewellery
 f - an uncursed ring of protection from magic {unknown}
 n - a ring of magical power (right hand)
 y - a +4 ring of dexterity (left hand)
Scrolls
 e - 2 scrolls of remove curse
 g - a scroll of fear {unknown}
 h - a scroll of recharging {unknown}
 k - 2 scrolls of fog
 o - 4 scrolls of teleportation
Potions
 l - a potion of mutation
 m - 2 potions of heal wounds {unknown}
 p - a potion of degeneration {unknown}
 q - 3 potions of flight
 r - 2 potions of curing {unknown}
 s - 2 potions of haste {unknown}
 w - a potion of brilliance {unknown}
 z - 2 potions of might
Books
 b - a book of Frost

   Spells                             Type                      Level
   a - Freeze                         Ice                          1
   b - Throw Frost                    Conjuration/Ice              2
   c - Ozocubu's Armour               Charms/Ice                   3
   d - Throw Icicle                   Conjuration/Ice              4
   e - Summon Ice Beast               Ice/Summoning                4
Comestibles
 c - 2 bread rations
 j - 5 fruits
 A - 2 meat rations


   Skills:
 + Level 2.1 Fighting
 + Level 4.2 Dodging
 + Level 4.6 Stealth
 + Level 4.6 Spellcasting
 + Level 3.2 Conjurations
 + Level 3.2 Charms
 + Level 4.7 Ice Magic


You had 5 spell levels left.
You knew the following spells:

 Your Spells              Type           Power        Failure   Level  Hunger
a - Freeze                Ice            ####         2%          1    None
b - Throw Frost           Conj/Ice       ###...       5%          2    None
c - Ozocubu's Armour      Chrm/Ice       ###.....     11%         3    ##.....
d - Throw Icicle          Conj/Ice       ###.....     34%         4    ####...


Dungeon Overview and Level Annotations

Branches:
Dungeon (4/15)
 Temple: D:4-7

Altars:
The Shining One


Message History

The bullfrog zombie is almost destroyed.
The bullfrog zombie hits you.
You hit the bullfrog zombie but do no damage.
The bullfrog zombie is almost destroyed.
The bullfrog zombie hits you.
You hit the bullfrog zombie.
The bullfrog zombie is almost destroyed.
The bullfrog zombie hits you.
* * * LOW HITPOINT WARNING * * *
The bullfrog zombie barely misses you.
You hit the bullfrog zombie.
The bullfrog zombie is almost destroyed.
The bullfrog zombie hits you but does no damage.
You hit the bullfrog zombie but do no damage.
The bullfrog zombie is almost destroyed.
The bullfrog zombie hits you.
* * * LOW HITPOINT WARNING * * *
The bullfrog zombie completely misses you.
The bullfrog zombie hits you!
You die...

****,,..O....##...<....###.......
* *.........*##........##.......
* **.>....[.#* *#................
***,........### #................
**,,..........###................
,,,,..................##.........
,,,,.............)...#*##........
,,,,.................####........
,,,,...........Z@......###.......
,,,,.............................
,,,,.............................
,,**#.........#####....####......
*** ###.....### #..### #..#### *
##....# #.## ##.# # ** ####.# #.#
#.# ## ,* ******#.# #.# #.###. ,*
*,>,,,,** ### #.##.#


You could see a bullfrog zombie.

Vanquished Creatures
  An ogre (D:4)
  A bullfrog (D:3)
  2 orc priests (D:3)
  Terence (D:2)
  A worker ant (D:2)
  A hound skeleton (D:4)
  Robin (D:2)
  9 adders
  4 gnolls (D:3)
  A river rat (D:4)
  5 oozes
  9 worms
  3 dart slugs
  A leopard gecko (Sewer)
  2 orcs (D:3)
  22 bats
  3 giant cockroaches
  13 hobgoblins
  6 jackals
  9 frilled lizards
  21 goblins
  11 kobolds
  5 rats
132 creatures vanquished.

Notes
Turn   | Place    | Note
-------+----------+-------------------------------------------
     0 | D:1      | Chifra the Deep Elf Ice Elementalist began the quest for the Orb.
     0 | D:1      | Reached XP level 1. HP: 10/10 MP: 6/6
   203 | D:1      | Reached XP level 2. HP: 11/16 MP: 2/8
   362 | D:1      | Learned a level 2 spell: Throw Frost
   458 | D:1      | Found a glowing golden altar of the Shining One.
  1018 | D:2      | Reached XP level 3. HP: 20/20 MP: 9/9
  1023 | D:2      | Learned a level 3 spell: Ozocubu's Armour
  1042 | D:2      | Noticed Robin
  1500 | D:2      | Noticed Terence
  1507 | D:2      | Killed Terence
  1507 | D:2      | Reached skill level 1 in Charms
  1550 | D:2      | Reached XP level 4. HP: 24/24 MP: 11/11
  1777 | D:2      | Reached skill level 1 in Fighting
  2523 | D:2      | Reached XP level 5. HP: 28/29 MP: 7/12
  2768 | D:1      | Learned a level 4 spell: Throw Icicle
  2941 | D:2      | Killed Robin
  3390 | D:3      | Reached XP level 6. HP: 34/34 MP: 14/14
  4066 | D:4      | Found a glowing drain.
  4132 | Sewer    | Entered a sewer
  5198 | D:4      | Reached XP level 7. HP: 38/40 MP: 15/15
  5691 | D:4      | Slain by a bullfrog zombie

Skill      XL: |  1  2  3  4  5  6 |
---------------+-------------------+-----
Dodging        | 3 4 |  4.2
Charms         | 1 2 3 |  3.2
Stealth        | 3 4 |  4.6
Fighting       | 1 2 |  2.1
Ice Magic      | 4 |  4.7
Spellcasting   | 4 |  4.6
Conjurations   | 2 3 |  3.2

Action                   |  1- 3 |  4- 6 |  7- 9 || total
-------------------------+-------+-------+-------++-------
Melee: Dagger            |    32 |   120 |    52 ||   204
 Cast: Freeze            |    42 |   120 |     5 ||   167
       Throw Frost       |     4 |    23 |       ||    27
  Use: Scroll            |     2 |     8 |       ||    10
       Potion            |       |     2 |       ||     2
 Stab: Sleeping          |     8 |    11 |       ||    19
  Eat: Chunk             |     1 |     8 |       ||     9
       Fruit             |     1 |       |       ||     1
       Royal jelly       |       |     1 |       ||     1
       Bread ration      |       |     1 |       ||     1
Armor: Robe              |    17 |    16 |       ||    33
       Leather armour    |       |    55 |     6 ||    61
Dodge: Dodged            |    60 |   193 |    55 ||   308
